[Event "Team 45 45 League T53"]
[Site "Internet Chess Club"]
[Date "2012.07.05"]
[Round "8"]
[White "StephenHawking"]
[Black "parpin"]
[Result "0-1"]
[WhiteElo "2200"]
[BlackElo "2029"]
[Opening "QGD Slav defense: exchange variation"]
[ECO "D10"]
[Time "08:00:22"]
[TimeControl "2700+45"]

1. d4 d5 2. c4 c6 3. cxd5 cxd5 4. Nc3 Nf6 5. Bf4 Nc6 6. e3 a6 7. Bd3 Nb4 8. Bb1
e6 9. Nf3 Be7 10. O-O Nh5 11. Be5 O-O 12. h3 f5 13. Bh2 Nf6 14. Ne5 Nd7 15. Nd3
Nf6 16. a3 Nc6 17. b4 b6 18. Ba2 Bb7 19. Rc1 Rc8 20. Bc4 dxc4 21. Nf4 Kf7 22.
Qc2 g5 23. Nfe2 Nd5 24. Nxd5 Qxd5 25. Nc3 Qxg2+ 26. Kxg2 Nxb4+ 27. f3 Nxc2 28.
Rxc2 Bxa3 29. Ra1 Bb4 30. Na4 b5 31. Nb6 Rcd8 32. Bc7 g4 33. Bxd8 Rxd8 34. hxg4
fxg4 35. Kf2 gxf3 36. Rh1 Be4 37. Rcc1 Ba5 38. Rh4 Bg6 39. Nxc4 bxc4 40. Rxc4
Rd5 41. Kxf3 Bd8 42. Rh1 Rf5+ 43. Ke2 h5 44. Rc8 Be7 45. Rc7 Ra5 46. Rf1+ Ke8
47. Rg1 Bf7 48. Rb1 Rb5 49. Rbc1 h4 50. Ra7 Bh5+ 51. Kd3 Rb3+ 52. Ke4 Rxe3+ 53.
Kxe3 Bg5+ 54. Kf2 Bxc1 55. Rxa6 Bg4 56. Ra4 Bf4 57. Ra8+ Kf7 58. Rh8 Bg3+ 59.
Kg2 Kg7 60. Rd8 Bf4 61. Rd7+ Kg6 62. Rd8 h3+ 63. Kf2 Kf5 64. d5 h2 65. Kg2 Bf3+
{White resigns} 0-1

[Event "Team 45 45 League T53"]
[Site "Internet Chess Club"]
[Date "2012.07.08"]
[Round "8"]
[White "Juan73"]
[Black "chesskix"]
[Result "1-0"]
[WhiteElo "1697"]
[BlackElo "1489"]
[Opening "Sicilian: closed, 2...Nc6"]
[ECO "B23"]
[Time "20:03:42"]
[TimeControl "2700+45"]

1. e4 c5 2. Nc3 Nc6 3. Nf3 g6 4. Bc4 Bg7 5. d3 e6 6. Bg5 f6 7. Bh4 Nh6 8. Qd2
Nf7 9. Bb5 Bh6 10. Qd1 g5 11. Bg3 Nd4 12. Bc4 a6 13. Nxd4 cxd4 14. Ne2 e5 15.
Nxd4 d5 16. Bxd5 g4 17. Nb3 Qb6 18. h3 Bf4 19. Bxf4 exf4 20. hxg4 Ng5 21. Qd2 f3
22. g3 Bxg4 23. O-O-O O-O-O 24. Rh6 Nh3 25. Qc3+ Kb8 26. Rxf6 Qxf2 27. Rf7 Qe3+
28. Kb1 Qb6 29. Qe5+ Qd6 30. Qg7 Nf2 31. Rxb7+ Kc8 32. Ra7 Bd7 33. Qc3+ Bc6 34.
Bxc6 Nxd1 35. Ra8+ Kc7 36. Ra7+ Kb8 37. Rb7+ Ka8 38. Qc4 Nc3+ 39. bxc3 Qa3 40.
Rb4+ {Black resigns} 1-0

[Event "Team 45 45 League T53"]
[Site "Internet Chess Club"]
[Date "2012.07.05"]
[Round "8"]
[White "KidRattler"]
[Black "samjalex87"]
[Result "1-0"]
[WhiteElo "1492"]
[BlackElo "1140"]
[Opening "Sicilian defense"]
[ECO "B32"]
[Time "15:09:32"]
[TimeControl "2700+45"]

1. e4 c5 2. Nf3 Nc6 3. d4 cxd4 4. Nxd4 d6 5. Nc3 g6 6. Bb5 Bg7 7. Nxc6 bxc6 8.
Bxc6+ Bd7 9. Bxa8 Qxa8 10. Nd5 Qb7 11. O-O Nf6 12. Nxf6+ Bxf6 13. Qd5 Qc7 14.
Qa8+ Bc8 15. Be3 O-O 16. Qxa7 Qxc2 17. Bd4 e5 18. Bc3 Qxe4 19. Qe3 Qc6 20. Rac1
Bb7 21. f3 Qd7 22. b3 d5 23. Bxe5 Re8 24. f4 d4 25. Qg3 Bd8 26. Qh3 Qd5 27. Rf2
f6 28. Bb8 Bb6 29. Bc7 Bxc7 30. Rxc7 Re1+ 31. Rf1 Re3 32. Qxh7+ Kf8 33. Qg7+ Ke8
{Black resigns} 1-0

[Event "Team 45 45 League T53"]
[Site "Internet Chess Club"]
[Date "2012.07.07"]
[Round "8"]
[White "emilyjuarez"]
[Black "kingsrook"]
[Result "1-0"]
[WhiteElo "1293"]
[BlackElo "1232"]
[Opening "QGD Slav/Grünfeld: Schlechter variation"]
[ECO "D15"]
[Time "18:30:10"]
[TimeControl "2700+45"]

1. d4 d5 2. c4 c6 3. Nf3 Nf6 4. Nc3 g6 5. Bg5 Bg7 6. e3 Nbd7 7. Bd3 O-O 8. O-O
Qb6 9. Qc2 Re8 10. Rfc1 e5 11. dxe5 Nxe5 12. Nxe5 Rxe5 13. Bf4 Re8 14. Rd1 dxc4
15. Bxc4 Bf5 16. Bd3 Bxd3 17. Rxd3 Rad8 18. Rad1 Rxd3 19. Rxd3 Rd8 20. b3 Nd5
21. Nxd5 Rxd5 22. Rxd5 cxd5 23. Qc8+ Bf8 24. Bh6 Qb4 25. Qxf8+ Qxf8 26. Bxf8
Kxf8 27. Kf1 Ke7 28. Ke2 Ke6 29. Kd3 Ke5 30. f3 f5 31. g3 h5 32. h3 b5 33. f4+
Ke6 34. Kd4 Kd6 35. b4 a6 36. a3 {Black resigns} 1-0

[Event "Team 45 45 League T53"]
[Site "Internet Chess Club"]
[Date "2012.07.06"]
[Round "8"]
[White "BosqueVerde"]
[Black "pereelcoix"]
[Result "1/2-1/2"]
[WhiteElo "1203"]
[BlackElo "1178"]
[Opening "QGD: 4.Bg5 Be7"]
[ECO "D53"]
[Time "11:01:10"]
[TimeControl "2700+45"]

1. d4 d5 2. c4 e6 3. Nc3 Nf6 4. Bg5 Be7 5. Qb3 O-O 6. e3 c5 7. Nf3 cxd4 8. exd4
dxc4 9. Bxc4 Nc6 10. Rd1 h6 11. Bh4 a6 12. a4 Na5 13. Qa2 Nxc4 14. Qxc4 Bd7 15.
O-O b5 16. Qa2 b4 17. Ne2 Ne4 18. Bxe7 Qxe7 19. b3 Rfc8 20. Rc1 Rc6 21. Ne5 Rxc1
22. Rxc1 Rc8 23. Rc4 Nd6 24. Rxb4 f6 25. Nf3 Nf5 26. Qd2 Qd6 27. Rc4 Rxc4 28.
bxc4 Bxa4 29. c5 Qd5 30. Nf4 Qe4 31. h3 g5 32. Nd3 Nxd4 33. Nxd4 Qxd4 34. Qa5
Bb5 35. Nb4 Qxc5 36. Nxa6 Qc1+ 37. Kh2 Bxa6 38. Qxa6 Qc7+ 39. g3 Kf7 40. Kg2 e5
41. Kf3 Qc3+ 42. Ke4 Qd4+ 43. Kf3 e4+ 44. Kg2 Qe5 45. Kf1 Kg6 46. Ke2 Qb2+ 47.
Ke3 Qc3+ 48. Kxe4 Qe1+ 49. Kf3 Qh1+ 50. Ke3 Qxh3 51. Qc6 Qf5 52. Qe8+ Kg7 53.
Qe7+ Kg8 54. Qe8+ Kh7 55. Qf7+ Kh8 56. Qf8+ Kh7 57. Qf7+ Kh8 58. Qf8+ {Game
drawn by mutual agreement} 1/2-1/2

[Event "Team 45 45 League T53"]
[Site "Internet Chess Club"]
[Date "2012.07.08"]
[Round "8"]
[White "mongmong"]
[Black "Lee-D"]
[Result "1-0"]
[WhiteElo "1709"]
[BlackElo "1463"]
[Opening "Queen's pawn game"]
[ECO "D04"]
[Time "12:02:12"]
[TimeControl "2700+45"]

1. d4 d5 2. Nf3 Nf6 3. e3 c6 4. Bd3 Bg4 5. Nbd2 e6 6. c3 Bd6 7. O-O O-O 8. h3
Bh5 9. Re1 Nbd7 10. e4 dxe4 11. Nxe4 Nxe4 12. Bxe4 Nf6 13. Bg5 Be7 14. Bxf6 Bxf6
15. Qb3 Rb8 16. Ne5 Qc7 17. g3 Bxe5 18. dxe5 Rfd8 19. Bg2 Rd2 20. Qb4 Rbd8 21.
a4 Rc2 22. b3 Rdd2 23. Qc5 Qb6 24. Qxb6 axb6 25. g4 Bg6 26. Red1 Kf8 27. Rxd2
Rxd2 28. a5 Bd3 29. axb6 Ba6 30. Bxc6 Rd3 31. b4 Rxc3 32. b5 g6 33. bxa6 bxa6
34. Bb7 Rxh3 35. Rxa6 Rh4 36. Bg2 Rxg4 37. b7 Rb4 38. Ra8+ Kg7 39. b8=Q Rxb8 40.
Rxb8 h5 41. f4 f5 42. Rb6 Kh6 43. Rxe6 h4 44. Bh3 Kh5 45. Kf2 g5 46. fxg5 Kxg5
47. Rf6 Kf4 48. Rxf5+ Ke4 49. e6 {Black resigns} 1-0

[Event "Team 45 45 League T53"]
[Site "Internet Chess Club"]
[Date "2012.07.08"]
[Round "8"]
[White "milesotoole"]
[Black "Conjurer"]
[Result "1-0"]
[WhiteElo "1581"]
[BlackElo "1470"]
[Opening "Sicilian: closed, 2...Nc6"]
[ECO "B23"]
[Time "22:07:07"]
[TimeControl "2700+45"]

1. e4 c5 2. Nc3 Nc6 3. Bb5 a6 4. Bxc6 bxc6 5. f4 e6 6. d3 d5 7. e5 f6 8. Qg4 Nh6
9. Qh5+ Nf7 10. Nf3 g6 11. Qh3 Bg7 12. O-O O-O 13. Na4 c4 14. d4 Rb8 15. Nc5 Qe7
16. Re1 Nh6 17. exf6 Qxf6 18. b3 Nf5 19. Bb2 Qf7 20. Ng5 Nh6 21. Nxf7 Rxf7 22.
Re2 e5 23. Qh4 Nf5 24. Qd8+ Rf8 25. Qc7 Nxd4 26. Bxd4 exd4 27. Qxb8 Bg4 28. Re8
d3 29. Rxf8+ Bxf8 30. cxd3 Kg7 31. Qe5+ Kh6 32. Qg5+ Kg7 33. Qxg4 Bxc5+ 34. Kf1
cxd3 35. Rd1 {Black resigns} 1-0

[Event "Team 45 45 League T53"]
[Site "Internet Chess Club"]
[Date "2012.07.08"]
[Round "8"]
[White "sockmonkey"]
[Black "burnsy"]
[Result "0-1"]
[WhiteElo "1339"]
[BlackElo "1560"]
[Opening "Torre attack (Tartakower variation)"]
[ECO "D03"]
[Time "08:05:15"]
[TimeControl "2700+45"]

1. d4 Nf6 2. Nf3 d5 3. Bg5 g6 4. e3 Bg7 5. Nbd2 O-O 6. Bd3 Bg4 7. h3 Bd7 8. Ne5
c6 9. Nxd7 Nbxd7 10. Nf3 Re8 11. Ne5 Nxe5 12. dxe5 Nd7 13. f4 Qb6 14. e4 dxe4
15. Bxe4 Qb4+ 16. Qd2 Qxe4+ 17. Kd1 Rad8 18. Qf2 Nxe5+ 19. Kc1 Nc4 20. Re1 Bxb2+
21. Kb1 Bxa1 22. Rxe4 Rd1# {White checkmated} 0-1

[Event "Team 45 45 League T53"]
[Site "Internet Chess Club"]
[Date "2012.07.07"]
[Round "8"]
[White "Iowa-Archer"]
[Black "Check101"]
[Result "1-0"]
[WhiteElo "1457"]
[BlackElo "1449"]
[Opening "Bird's opening"]
[ECO "A03"]
[Time "19:14:47"]
[TimeControl "2700+45"]

1. f4 d5 2. Nf3 c5 3. b3 Nc6 4. Bb2 Bf5 5. a3 e6 6. e3 Nf6 7. Bb5 Bd6 8. Bxc6+
bxc6 9. Ne5 Qc7 10. O-O O-O 11. d3 Nd7 12. Nxd7 Qxd7 13. Nd2 Rfe8 14. Nf3 f6 15.
Nh4 e5 16. Nxf5 Bc7 17. Qg4 Kh8 18. Rf3 Rad8 19. Rg3 g6 20. Nh6 Qg7 21. Rh3 d4
22. e4 exf4 23. Rf1 Re5 24. Bc1 Rf5 25. exf5 {Black resigns} 1-0